[Event "SixDays Budapest March GM B 2025"]
[Site "Budapest"]
[Date "2025.03.28"]
[Round "7.1"]
[White "Krishna C R G"]
[Black "Pap, Gyula"]
[Result "1-0"]
[Annotator "TA"]
[ECO "A41"]
[WhiteElo "2418"]
[BlackElo "2475"]
[PlyCount "79"]
[EventDate "2025.03.23"]
[EventType "tourn"]
[EventCountry "HUN"]
[SourceTitle "playchess.com"]
[Source "ChessBase"]
[SourceQuality "1"]
[TimeControl "5400+30"]

1. d4 d6 2. g3 e5 3. Bg2 Nf6 4. dxe5 dxe5 5. Qxd8+ Kxd8 6. Nc3 {[%emt 0:01:32] A45: Trompowsky Attack.} c6 7. Bg5 (7. Nf3 $14) 7... Nbd7 8. O-O-O {[%emt 0:00:51] The position is equal.} Kc7 9. Nf3 $146 ({Predecessor:} 9. e4 h6 10. Bd2 Bc5 11. f3 b5 12. Nge2 Nb6 13. f4 Ng4 14. Rdf1 Nc4 15. fxe5 Ngxe5 {0-1 Kasetchol,S-Jones,I (2235) Olympiad-31 Moscow 1994 (14.2)}) 9... Ng4 10. Rhf1 h6 11. Bd2 Be7 12. h3 Ngf6 13. Be3 Re8 14. Nd2 Bc5 (14... Bb4 $15) 15. Bxc5 Nxc5 16. b4 Ncd7 17. f4 Nh5 18. Nde4 exf4 19. gxf4 f5 20. Nd6 Re3 21. Rf3 $36 {[%emt 0:01:24][%mdl 2048] White is more active.} (21. Nxf5 $2 Rxc3 22. Nd4 Nb6 $19) 21... Rxf3 22. Bxf3 Nxf4 23. Ne8+ Kb8 24. Nxg7 Ne5 25. Rd8 Nxh3 26. Nxf5 Kc7 27. Rh8 {[%emt 0:01:10] White is much more active.} Ng5 28. Nxh6 Ngxf3 29. exf3 Nxf3 30. Ng4 Rb8 31. Nf6 Bf5 {[%emt 0:00:46] [#]} 32. Nfd5+ $1 cxd5 33. Nxd5+ Kd6 34. Rxb8 Kxd5 35. Rxb7 Kc4 36. a3 (36. Rxa7 Kxb4 37. Rf7 Nd4) 36... Nd4 (36... a6 $16 37. Kb2 (37. Rc7+ Kd4 $16) 37... Ne1) 37. Rc7+ $18 (37. Rxa7 Bxc2 38. Rc7+ Kb3 $11) 37... Kb5 (37... Kd5 38. Rxa7 Nb5) 38. Rxa7 Nxc2 (38... Nc6) 39. Ra5+ Kc4 (39... Kb6 {was called for.} 40. Rxf5 Nxa3) 40. Rc5+ {[%emt 0:00:37] Weighted Error Value: White=0.12 (very precise) /Black=0.26 (precise)   Mistake:       	White=1     	Black=5      Inaccurate:     	White=5     	Black=6      OK:         	White=13    	Black=13     Best:        	White=4     	Black=1} ({Weaker is} 40. Rxf5 Nxa3 41. Rf4+ Kc3 $16) 1-0

[Event "SixDays Budapest March GM B 2025"]
[Site "Budapest"]
[Date "2025.03.28"]
[Round "7.2"]
[White "Li, Wenxiang"]
[Black "Nemeth, Zalan"]
[Result "0-1"]
[Annotator "RC"]
[ECO "D37"]
[WhiteElo "2260"]
[BlackElo "2341"]
[PlyCount "126"]
[EventDate "2025.03.23"]
[EventType "tourn"]
[EventCountry "HUN"]
[SourceTitle "playchess.com"]
[Source "ChessBase"]
[SourceQuality "1"]
[TimeControl "5400+30"]

1. Nf3 Nf6 2. c4 e6 3. d4 d5 4. Nc3 dxc4 5. e3 a6 6. Bxc4 b5 7. Bd3 c5 8. a4 b4 9. Ne4 Nbd7 10. O-O Bb7 11. Ng3 Be7 12. Qe2 O-O 13. Rd1 Qb8 14. a5 Qa7 15. Ne5 Rfd8 16. b3 Rac8 17. Bb2 Qa8 18. f4 g6 19. h4 cxd4 20. Bxd4 Nxe5 21. fxe5 Ne4 22. Nxe4 Bxe4 23. h5 Bxd3 24. Qxd3 Qd5 25. Rd2 Rc6 26. Rf1 Bg5 27. Rdf2 Rd7 28. hxg6 hxg6 29. Qb1 f5 30. exf6 Kf7 31. Rf3 e5 32. Bb6 Qd3 33. Qe1 e4 34. Rh3 Rxf6 35. Rxf6+ Bxf6 36. Qg3 Qd1+ 37. Kh2 Kg7 38. Qb8 Qd6+ 39. Qxd6 Rxd6 40. Bc5 Rd5 41. Bxb4 Rb5 42. Bd6 Rxa5 43. Kg3 Rd5 44. Bc7 Rc5 45. Bd6 Rc6 46. Bb4 Be5+ 47. Kf2 Rb6 48. Ba5 Rxb3 49. Rh4 Rb2+ 50. Kf1 Ra2 51. Bb4 a5 52. Bc5 Ra4 53. Bb6 g5 54. Rh5 Kg6 55. g4 Bf6 56. Kf2 Ra2+ 57. Kf1 a4 58. Bd4 Bxd4 59. exd4 a3 60. Rh3 Ra1+ 61. Kg2 a2 62. Ra3 e3 63. Ra6+ Kf7 0-1

[Event "SixDays Budapest March GM B 2025"]
[Site "Budapest"]
[Date "2025.03.28"]
[Round "7.3"]
[White "Sandoval Mercado, Carlos"]
[Black "Mirzoev, Azer"]
[Result "0-1"]
[Annotator "TA"]
[ECO "D30"]
[WhiteElo "2383"]
[BlackElo "2470"]
[PlyCount "110"]
[EventDate "2025.03.23"]
[EventType "tourn"]
[EventCountry "HUN"]
[SourceTitle "playchess.com"]
[Source "ChessBase"]
[SourceQuality "1"]
[TimeControl "5400+30"]

1. d4 d5 2. c4 e6 3. Nf3 Nf6 4. g3 Bb4+ 5. Bd2 Be7 6. Bg2 O-O 7. O-O c6 8. Qc2 Nbd7 9. b3 b6 10. Nc3 {[%emt 0:00:41] is the new trend. E11: Bogo-Indian.} Bb7 11. e4 Nxe4 (11... dxe4 $5 12. Nxe4 c5 13. Nxf6+ Bxf6 $11) 12. Nxe4 {[%emt 0:00:08] White is slightly better.} dxe4 13. Qxe4 Nf6 14. Qe2 c5 15. dxc5 Bxc5 16. b4 Be7 17. Rfd1 Qc7 18. Bf4 Qc8 $146 (18... Qc6 19. a3 Rac8 20. Ne1 Ne4 21. Rac1 Ba8 22. Bxe4 Qxe4 23. Qxe4 Bxe4 24. Rd7 Bf6 25. Rxa7 Ra8 {1-0 Nur Mukhametova,A (1699)-Tolstykh,A (1439) RUS-chT U14 Girls 2017 (4.1)}) 19. a3 a5 20. b5 $1 Ne4 21. Qc2 {[%emt 0:13:45] Dodges Nc3} Bc5 22. Nd4 f5 23. Be5 Qe8 24. Rd3 Rc8 25. Qe2 h6 26. Kh1 Rf7 (26... Be7 $11) 27. f3 $14 Nf6 28. Re1 (28. Bxf6 $14 Rxf6 29. f4 Bxd4 30. Rxd4 Bxg2+ 31. Kxg2) 28... Nd7 $11 29. Nc6 Bxc6 $17 30. bxc6 Nxe5 31. Qxe5 Rxc6 32. f4 {[%emt 0:01:13][%cal Oe1e2] [#]} Re7 $1 33. Qb2 (33. Red1 Rc8) 33... Rc8 34. Qb5 Qxb5 35. cxb5 Kf7 36. Bc6 g5 37. Kg2 (37. fxg5 $17 hxg5 38. h3) 37... Kf6 38. a4 Rg8 ({Better is} 38... gxf4 $19 {...Rg8 is the strong threat.} 39. gxf4 Rg8+ 40. Kh3 Rg4) 39. Kf3 (39. fxg5+ $17 Rxg5 (39... hxg5 40. g4 $11) 40. Bf3) 39... h5 40. Rdd1 {[%emt 0:06:02] [#]} g4+ (40... h4 $1 $19 {has better winning chances.} 41. Re2 hxg3 42. hxg3 gxf4 43. gxf4 Rh8) 41. Kg2 h4 42. gxh4 $2 {[%emt 0:00:53] [#]} (42. Re5 $17) 42... Rh8 $1 $19 43. h3 (43. Kg3 {is a better defense.}) 43... gxh3+ ({Weaker is} 43... Rxh4 44. Rd3 $19) 44. Kxh3 (44. Kh2 $142) 44... Bf2 (44... Rg7 $142 45. Bf3 Bf2) 45. Rf1 Rxh4+ $2 (45... Rg7 {mates} 46. Rxf2 Rg4 47. Kh2 Rhxh4#) 46. Kg2 Be3 47. Kf3 Bxf4 48. Rh1 Reh7 49. Rxh4 Rxh4 {[%emt 0:00:05][%mdl 4096] Endgame KRB-KRB. Black is two pawns up.} 50. Rd7 Bh2 51. Kg2 Be5 {[%emt 0:00:09] Black is clearly winning.} 52. Rb7 Bd4 (52... Rxa4 $2 53. Rxb6 Ra2+ 54. Kf1 $19) 53. Bf3 Bc5 54. Bd1 Rd4 55. Bb3 Rd2+ {[%emt 0:00:06] Weighted Error Value: White=0.59/Black=0.31  Loses game:     	White=1     	---        Mistake:       	White=6     	Black=4      Inaccurate:     	White=5     	Black=3      OK:         	White=7     	Black=20     Best:        	White=2     	Black=4      Strong:       	White=1     	Black=1} 0-1

[Event "SixDays Budapest March GM B 2025"]
[Site "Budapest"]
[Date "2025.03.28"]
[Round "7.4"]
[White "Sklokin, Sergey"]
[Black "Grover, Sahaj"]
[Result "0-1"]
[Annotator "TA"]
[ECO "C55"]
[WhiteElo "2338"]
[BlackElo "2469"]
[PlyCount "68"]
[EventDate "2025.03.23"]
[EventType "tourn"]
[EventCountry "HUN"]
[SourceTitle "playchess.com"]
[Source "ChessBase"]
[SourceQuality "1"]
[TimeControl "5400+30"]

1. e4 e5 2. Nf3 Nc6 3. Bc4 Nf6 4. d3 Be7 5. O-O O-O 6. Nc3 d6 7. a4 {[%emt 0:01:07] is more profitable than 7.h3 at the moment. C55: Two Knights: 4 d3, 4 d4 exd4 5 e5 and Max Lange Attack.} Bg4 8. h3 Bxf3 9. Qxf3 {[%emt 0:01:16] The position is equal.} Nd4 {[%emt 0:00:04][%csl LRc2,LRf3] Against Ne2} 10. Qd1 c6 11. Ne2 Ne6 12. Bxe6 $146 (12. Ng3 d5 13. Ba2 dxe4 14. dxe4 Qxd1 15. Rxd1 Rfd8 16. Be3 Nc5 17. Rxd8+ Rxd8 18. a5 Nfxe4 19. Nxe4 Nxe4 20. Bxa7 {½-½ Andriasian,Z (2554)-Davtyan,A (2458) ARM-ch HL 85th 2025 (9)}) 12... fxe6 13. Be3 d5 14. Ng3 Qe8 15. c4 d4 16. Bd2 a5 17. f4 exf4 18. Bxf4 Qg6 (18... Nd7 $15) 19. e5 Nd7 {[%emt 0:00:08][%cal Of8f4] [#]} 20. Ne4 Rf5 21. Bh2 Rxf1+ 22. Qxf1 Nc5 23. Nxc5 Bxc5 24. Qe2 Qg5 $36 {[%emt 0:00:13][%mdl 2048] [#] Hoping for ...Qe3+. Black has the initiative.} 25. Re1 (25. Rf1 $11 {remains equal.}) 25... Bb4 $17 26. Rf1 Qe3+ 27. Qf2 $2 {[%emt 0:00:06] Now White is beyond hope.} (27. Rf2 $17) 27... h6 (27... Qxd3 28. Qf7+ Kh8 29. Qxb7 Qe3+ 30. Kh1 $11) 28. Bg3 (28. Bf4 $142 Qxd3 29. Qg3 Qxg3 (29... Qxc4 $2 30. Bxh6 Bf8 31. Rxf8+ Kxf8 32. Qxg7+ Ke8 33. Qh8+ Kd7 34. Qxa8 $18) 30. Bxg3) 28... Rd8 29. Kh2 Rf8 {[%emt 0:01:15] Against Qf7+. Active counter play!} ({Weaker is} 29... Qxd3 30. Qf7+ Kh8 31. Rf4 $19) 30. Qxe3 (30. Qg1 {was the only defense.} Qxd3 31. Rd1) 30... dxe3 $19 31. Kg1 e2 32. Rc1 Bc5+ 33. Kh2 Rf1 34. Re1 Bg1+ {[%emt 0:00:16] Weighted Error Value: White=0.80/Black=0.08 (flawless)   Loses game:     	White=1     	---        Mistake:       	White=3     	Black=1      Inaccurate:     	White=4     	Black=1      OK:         	White=6     	Black=16     Best:        	White=1     	Black=1} 0-1

[Event "SixDays Budapest March GM B 2025"]
[Site "Budapest"]
[Date "2025.03.28"]
[Round "7.5"]
[White "Mayank Chakraborty"]
[Black "Baasansuren, Erdene"]
[Result "1-0"]
[Annotator "TA"]
[ECO "B92"]
[WhiteElo "2444"]
[BlackElo "2394"]
[PlyCount "77"]
[EventDate "2025.03.23"]
[EventType "tourn"]
[EventCountry "HUN"]
[SourceTitle "playchess.com"]
[Source "ChessBase"]
[SourceQuality "1"]
[TimeControl "5400+30"]

1. e4 c5 2. Nf3 d6 3. d4 cxd4 4. Nxd4 Nf6 5. Nc3 a6 6. Be2 e5 7. Nb3 Be7 8. h4 {[%emt 0:00:04] B92: Sicilian Najdorf: 6 Be2.} Be6 9. f4 b5 10. g4 {[%emt 0:01:35][%cal Bg2g4,Bg4g5][%mdl 32] The position is equal.} b4 11. Nd5 Bxd5 12. exd5 Ne4 $1 13. g5 Qb6 14. Rf1 {[%emt 0:00:45][%cal Bh1f1,Bf1f2,Bf2g2][%mdl 32] [#] Wards off Qf2+} Ng3 15. Rf2 {[%emt 0:00:10] Black should prevent Bg4.} Nd7 $146 (15... h6 16. fxe5 hxg5 17. Qd3 Nxe2 18. Qxe2 Rxh4 19. exd6 Rh1+ {1-0 Westrum,K (2106)-Loftgaard,M (2214) Copenhagen Obro CXU op 2023 (6)}) 16. Bg4 f5 17. gxf6 {[%emt 0:00:38] A sharp opening} Nxf6 {[%emt 0:01:26] and ...Nfe4 should not be overlooked Excellent horsemanship.} 18. Qf3 $132 {[%emt 0:01:18][%mdl 2048] White is not holding back} Nxg4 (18... Nfe4 $1 $11 {remains equal.} 19. Be3 Qb5) 19. Qxg4 $16 Ne4 20. Rg2 Nc5 $2 {[%emt 0:35:45] [#] A mistake that costs the game.} (20... Qb7 $16 {is a better defense.}) 21. Be3 $1 $18 (21. Qxg7 Rf8 $16) 21... exf4 (21... Nd3+ 22. Kd2 (22. cxd3 Qxe3+ 23. Re2 Qxf4 $17) 22... Nc5 23. Nxc5 (23. Qxg7 Rf8 $18) 23... dxc5 24. fxe5 $18 (24. Qxg7 Bf6 $18)) 22. Bxc5 (22. Bxf4 Nxb3 23. cxb3 (23. axb3 Qd4 $14) 23... Qb7 $14 (23... Qd4 $2 24. Rd1 $18)) (22. Qxf4 Rf8 23. Qg4 Rf7 $18) (22. Qxg7 Bxh4+ 23. Kd1 O-O-O $16) 22... dxc5 {[%emt 0:00:20] Black is weak on the light squares} 23. O-O-O (23. Qxf4 Qf6 24. Qxf6 Bxf6 $14) (23. Qxg7 Qf6 $16) 23... Qd6 24. Na5 Qd7 $2 (24... f3 25. Qxf3 Qf6) 25. Qxf4 $2 (25. Qh5+ Kf8 26. Rxg7 Kxg7 27. Rg1+ Kf8 28. Qe5) 25... O-O-O $2 (25... Qd6 26. Qxd6 Bxd6 27. Rxg7 O-O-O) 26. Nc6 Bd6 27. Qc4 Rdg8 28. Qxa6+ {[%emt 0:00:10] White is clearly winning.} Kc7 (28... Qb7 $142 29. Na7+ Kb8 30. Qxd6+ Kxa7 31. Qxc5+ Qb6 32. Qe7+ Ka8) 29. Qa7+ (29. Na5 $142 {White wants to mate with Qb7+.} Kb8 30. Kb1) 29... Kc8 30. Qb6 {[%emt 0:00:04] aiming for Na7+.} Qc7 (30... Qb7 $142 31. Na7+ Kb8 32. Qxd6+ Kxa7 33. Qxc5+ Qb6 34. Qe7+ Ka6) 31. Qa6+ Kd7 (31... Qb7 $142 32. Na7+ Kb8 33. Qxd6+ Kxa7 34. Qxc5+ Qb6 35. Qe7+ Qb7 36. Qxb7+ Kxb7) 32. Rf1 Bf4+ 33. Kb1 g5 34. hxg5 Re8 35. a3 bxa3 36. Qa4 a2+ 37. Ka1 Rhf8 38. Nd4+ (38. Qxa2 $2 {perishes.} Ra8 39. Re1 Rxa2+ 40. Kxa2 Re8 $19) 38... Kc8 39. Ne6 {[%emt 0:00:20] Weighted Error Value: White=0.60/Black=1.22  Loses game:     	---       	Black=1      Mistake:       	White=2     	Black=6      Inaccurate:     	White=1     	Black=1      OK:         	White=11    	Black=6      Best:        	White=1     	Black=4      Strong:       	White=1     	Black=1} 1-0